[Event "Romanian Open 2019"]
[Site "Alba Iulia"]
[Date "2019.10.29"]
[Round "2.11"]
[White "Andreev, Eduard"]
[Black "Advait, Bagri"]
[Result "1/2-1/2"]
[ECO "C55"]
[WhiteElo "2435"]
[BlackElo "2231"]
[Annotator "NA"]
[PlyCount "95"]
[EventDate "2019.10.28"]
[EventType "swiss"]
[EventCountry "ROU"]
[SourceTitle "playchess.com"]
[Source "ChessBase"]
[SourceQuality "1"]
[TimeControl "5400+30"]

1. e4 e5 2. Nf3 Nc6 3. Bc4 Nf6 4. d3 Be7 5. O-O O-O 6. Re1 d6 7. a4 Na5 8. Ba2 c5 9. c3 Nc6 10. Na3 h6 11. Bd2 a6 12. h3 Re8 13. Qb1 Bf8 14. Nc4 b5 15. axb5 axb5 16. Ne3 Be6 17. Bxe6 fxe6 18. Qc2 Qd7 19. Ng4 Nxg4 20. hxg4 g5 21. b4 cxb4 22. cxb4 d5 23. Rxa8 Rxa8 24. exd5 exd5 25. Nxe5 Nxe5 26. Rxe5 Ra1+ 27. Re1 Rxe1+ 28. Bxe1 Qxg4 29. Qc6 Bxb4 30. Qxd5+ Kh7 31. f3 Qf4 32. g3 Qe3+ 33. Bf2 Qe8 34. Kg2 Bf8 35. Qb7+ Kg8 36. d4 b4 37. d5 Qe7 38. Qb5 Qc7 39. Qd3 Qc3 40. Qg6+ Qg7 41. Qb6 Qd7 42. Bd4 Bg7 43. Qb8+ Kh7 44. Bxg7 Kxg7 45. d6 b3 46. Qb4 Kg6 47. Qxb3 Qxd6 48. Qg8+ 1/2-1/2

[Event "Romanian Open 2019"]
[Site "Alba Iulia"]
[Date "2019.10.29"]
[Round "2.12"]
[White "Harutjunyan, Gevorg"]
[Black "Stanojevic, Ilija"]
[Result "1-0"]
[ECO "A06"]
[WhiteElo "2428"]
[BlackElo "2045"]
[Annotator "NA"]
[PlyCount "101"]
[EventDate "2019.10.28"]
[EventType "swiss"]
[EventCountry "ROU"]
[SourceTitle "playchess.com"]
[Source "ChessBase"]
[SourceQuality "1"]
[TimeControl "5400+30"]

1. Nf3 d5 2. g3 c6 3. Bg2 Bg4 4. c4 e6 5. O-O Bd6 6. Qb3 Qc7 7. d4 dxc4 8. Qxc4 Nf6 9. Nbd2 O-O 10. e4 Be7 11. Ne5 Bh5 12. h3 g5 13. Nb3 Nfd7 14. Ng4 Nb6 15. Qc2 N8d7 16. f4 Bxg4 17. hxg4 Rac8 18. Be3 f6 19. Nc5 Nxc5 20. dxc5 Nd7 21. Qc4 Kg7 22. Rad1 e5 23. b4 exf4 24. gxf4 gxf4 25. Bxf4 Ne5 26. Qe6 Rce8 27. Qf5 Qc8 28. Qxc8 Rxc8 29. Bxe5 fxe5 30. Rd7 Rf7 31. Rxf7+ Kxf7 32. Rxb7 a5 33. a3 axb4 34. axb4 h6 35. Bf1 Rd8 36. Kf2 Rd4 37. Kf3 Ke8 38. Ba6 Kd8 39. Rb6 Bg5 40. Rb8+ Kd7 41. Rb7+ Kd8 42. b5 Rd3+ 43. Ke2 Rd2+ 44. Ke1 cxb5 45. c6 Rc2 46. Rd7+ Ke8 47. Bxb5 Rc1+ 48. Ke2 Rc2+ 49. Kd3 Rd2+ 50. Kc3 Rxd7 51. c7 1-0

[Event "Romanian Open 2019"]
[Site "Alba Iulia"]
[Date "2019.10.30"]
[Round "3.1"]
[White "Omelja, Artem"]
[Black "Fedorov, Alexei"]
[Result "1/2-1/2"]
[ECO "E91"]
[WhiteElo "2424"]
[BlackElo "2551"]
[Annotator "ChessBase"]
[PlyCount "57"]
[EventDate "2019.10.28"]
[EventType "swiss"]
[EventCountry "ROU"]
[SourceTitle "playchess.com"]
[Source "ChessBase"]
[SourceQuality "1"]
[TimeControl "5400+30"]

1. d4 Nf6 2. c4 g6 3. Nc3 Bg7 4. e4 d6 5. Nf3 O-O 6. Be2 Bg4 7. Be3 Nfd7 8. Qd2 e5 9. d5 f5 10. Bg5 Qe8 11. Ng1 Bxe2 12. Ngxe2 Nc5 13. f3 fxe4 14. fxe4 Nbd7 15. Nc1 Nf6 16. Qe2 Qd7 17. Nb3 Nxb3 18. axb3 Nh5 19. g3 Qh3 20. O-O-O Rf7 21. Rhf1 Raf8 22. Rxf7 Rxf7 23. Be3 a6 24. b4 Nf6 25. Kc2 h5 26. Bg1 Qg4 27. Qxg4 Nxg4 28. Kd3 Nf2+ 29. Bxf2 1/2-1/2

[Event "Romanian Open 2019"]
[Site "Alba Iulia"]
[Date "2019.10.30"]
[Round "3.2"]
[White "Pap, Misa"]
[Black "Secheres, Adrian-Simion"]
[Result "1-0"]
[ECO "B22"]
[WhiteElo "2432"]
[BlackElo "2397"]
[Annotator "NA"]
[PlyCount "59"]
[EventDate "2019.10.28"]
[EventType "swiss"]
[EventCountry "ROU"]
[SourceTitle "playchess.com"]
[Source "ChessBase"]
[SourceQuality "1"]
[TimeControl "5400+30"]

1. e4 c5 2. c3 d5 3. exd5 Qxd5 4. d4 Nc6 5. Nf3 Bf5 6. Be3 cxd4 7. Nxd4 Nf6 8. Qb3 Nxd4 9. Bxd4 Bd7 10. Nd2 e6 11. Be2 Bc6 12. Bf3 Qxb3 13. Bxc6+ bxc6 14. axb3 c5 15. Bxf6 gxf6 16. Ke2 Rg8 17. g3 Rg5 18. Nc4 Rd5 19. Ra3 Be7 20. Rha1 Rb8 21. Rxa7 Rxb3 22. Rc7 Bd8 23. Ra8 Rb5 24. Rac8 Kf8 25. Ke3 Kg7 26. Ra7 f5 27. f4 Bf6 28. Rcc7 Rd1 29. Rxf7+ Kg6 30. Rxh7 1-0

[Event "Romanian Open 2019"]
[Site "Alba Iulia"]
[Date "2019.10.30"]
[Round "3.3"]
[White "Shishkin, Vadim"]
[Black "Banzea, Alexandru-Bogdan"]
[Result "1/2-1/2"]
[ECO "E21"]
[WhiteElo "2428"]
[BlackElo "2389"]
[Annotator "NA"]
[PlyCount "43"]
[EventDate "2019.10.28"]
[EventType "swiss"]
[EventCountry "ROU"]
[SourceTitle "playchess.com"]
[Source "ChessBase"]
[SourceQuality "1"]
[TimeControl "5400+30"]

1. d4 Nf6 2. c4 e6 3. Nc3 Bb4 4. Nf3 c5 5. g3 Nc6 6. d5 Na5 7. dxe6 fxe6 8. Nd2 Bxc3 9. bxc3 b6 10. Bg2 Bb7 11. Bxb7 Nxb7 12. e4 d6 13. O-O Qc7 14. Qe2 e5 15. f3 Qc6 16. Rf2 Qa4 17. Nf1 Na5 18. Ne3 O-O-O 19. Qc2 Qxc2 20. Rxc2 h6 21. Bd2 Rhf8 22. Kg2 1/2-1/2

[Event "Romanian Open 2019"]
[Site "Alba Iulia"]
[Date "2019.10.30"]
[Round "3.4"]
[White "Moksh Amit Doshi"]
[Black "Akash G"]
[Result "1/2-1/2"]
[ECO "E68"]
[WhiteElo "2328"]
[BlackElo "2449"]
[Annotator "NA"]
[PlyCount "132"]
[EventDate "2019.10.28"]
[EventType "swiss"]
[EventCountry "ROU"]
[SourceTitle "playchess.com"]
[Source "ChessBase"]
[SourceQuality "1"]
[TimeControl "5400+30"]

1. d4 Nf6 2. c4 g6 3. g3 Bg7 4. Bg2 O-O 5. Nc3 d6 6. Nf3 Nbd7 7. O-O e5 8. e4 exd4 9. Nxd4 Re8 10. b3 Nc5 11. f3 c6 12. Be3 Ne6 13. Qd2 Nxd4 14. Bxd4 Qa5 15. Rad1 Be6 16. Nd5 Qxd2 17. Nxf6+ Bxf6 18. Rxd2 Be7 19. Be3 a5 20. f4 Bf8 21. a4 Bf5 22. exf5 Rxe3 23. fxg6 Rxb3 24. gxh7+ Kxh7 25. Be4+ Kg7 26. Rb1 Rb4 27. Bd3 Rxa4 28. Rxb7 Rb4 29. Rxb4 axb4 30. Be4 Ra1+ 31. Kf2 c5 32. Ke2 Be7 33. g4 Rc1 34. Rc2 Ra1 35. Rd2 b3 36. g5 Bd8 37. Rxd6 Ba5 38. Rd1 Ra2+ 39. Kf3 Rxh2 40. f5 b2 41. f6+ Kf8 42. Rd7 Rh3+ 43. Kg4 Re3 44. Bf5 Re1 45. Rb7 Bb4 46. Bd7 Re8 47. Bf5 Re1 48. Kh3 Re3+ 49. Kg2 Re5 50. Kg3 b1=Q 51. Rb8+ Re8 52. Rxe8+ Kxe8 53. Bxb1 Bd2 54. Kg4 Kf8 55. Be4 Be1 56. Bd5 Bf2 57. Kf5 Bh4 58. Kf4 Bf2 59. Ke5 Bg3+ 60. Ke4 Bf2 61. Kf5 Bh4 62. Bxf7 Kxf7 63. g6+ Kg8 64. Ke6 Kf8 65. g7+ Kg8 66. Ke7 Bg5 1/2-1/2

[Event "Romanian Open 2019"]
[Site "Alba Iulia"]
[Date "2019.10.30"]
[Round "3.5"]
[White "Ognean, Mihnea-Ionut"]
[Black "Harutjunyan, Gevorg"]
[Result "0-1"]
[ECO "D07"]
[WhiteElo "2285"]
[BlackElo "2428"]
[Annotator "NA"]
[PlyCount "76"]
[EventDate "2019.10.28"]
[EventType "swiss"]
[EventCountry "ROU"]
[SourceTitle "playchess.com"]
[Source "ChessBase"]
[SourceQuality "1"]
[TimeControl "5400+30"]

1. d4 d5 2. c4 Nc6 3. Nc3 Nf6 4. cxd5 Nxd5 5. Nf3 e5 6. dxe5 Bb4 7. Bd2 Nxc3 8. bxc3 Ba5 9. e3 O-O 10. Qa4 Bd7 11. Qf4 Qe7 12. Bd3 Rae8 13. Ng5 h6 14. Nh7 Nxe5 15. Bc2 Bb5 16. Nxf8 Kxf8 17. Rb1 Ba6 18. Rb3 Rd8 19. f3 c5 20. Bc1 Bd3 21. Bd1 g5 22. Qa4 b6 23. h4 Rd4 24. Qxa5 Rxh4 25. Rxh4 bxa5 26. Rxh6 Kg7 27. Rh1 Bc4 28. Bc2 Bxb3 29. axb3 c4 30. bxc4 Nxc4 31. Ke2 Qe5 32. Bd3 Qxc3 33. f4 gxf4 34. exf4 a4 35. f5 a3 36. Bh6+ Kf6 37. Rc1 Qb2+ 38. Rc2 a2 0-1

[Event "Romanian Open 2019"]
[Site "Alba Iulia"]
[Date "2019.10.30"]
[Round "3.6"]
[White "Gomes, Mary Ann"]
[Black "Filip, Lucian-Ioan"]
[Result "1/2-1/2"]
[ECO "A05"]
[WhiteElo "2268"]
[BlackElo "2418"]
[Annotator "NA"]
[PlyCount "144"]
[EventDate "2019.10.28"]
[EventType "swiss"]
[EventCountry "ROU"]
[SourceTitle "playchess.com"]
[Source "ChessBase"]
[SourceQuality "1"]
[TimeControl "5400+30"]

1. Nf3 Nf6 2. g3 d5 3. Bg2 c6 4. b3 Bf5 5. Bb2 e6 6. d3 h6 7. Nbd2 Be7 8. O-O O-O 9. Qe1 a5 10. a3 Bh7 11. e4 Qb6 12. Qe2 Qa6 13. c4 Nbd7 14. b4 Qb6 15. exd5 cxd5 16. Bd4 Qd6 17. b5 Rac8 18. Rfd1 Rfd8 19. Bc3 b6 20. Bxf6 Nxf6 21. Ne5 Nd7 22. Nc6 Re8 23. cxd5 exd5 24. Re1 Kf8 25. Qf3 Bf6 26. d4 Nb8 27. Qxd5 Rxe1+ 28. Rxe1 Qxd5 29. Bxd5 Nxc6 30. bxc6 Bxd4 31. Nc4 Bc5 32. Ne5 Bf5 33. Nd7+ Kg8 34. Nxc5 bxc5 35. Rc1 Be6 36. Bxe6 fxe6 37. Rxc5 Kf7 38. h4 Ke7 39. h5 Rc7 40. g4 Kd6 41. Rxa5 Kxc6 42. Ra4 Kd5 43. Kg2 Ke5 44. Kg3 Rc3+ 45. f3 Kf6 46. Rf4+ Ke7 47. a4 Ra3 48. Rb4 e5 49. Kf2 Kf6 50. Ke2 Kg5 51. Re4 Kh4 52. Rxe5 Rxa4 53. Re7 Kg3 54. Rxg7 Ra2+ 55. Ke3 Ra3+ 56. Ke4 Rxf3 57. g5 hxg5 58. h6 Kg4 59. h7 Rh3 60. Ra7 Rh6 61. Ke5 Kf3 62. Rf7+ Kg3 63. Kf5 g4 64. Rg7 Kf3 65. Kg5 Rxh7 66. Rxh7 g3 67. Rf7+ Ke2 68. Kh4 g2 69. Rg7 Kf2 70. Rf7+ Ke2 71. Rg7 Kf2 72. Rf7+ Ke2 1/2-1/2

[Event "Romanian Open 2019"]
[Site "Alba Iulia"]
[Date "2019.10.30"]
[Round "3.7"]
[White "Istratescu, Andrei"]
[Black "Ciorgovean, Iustin"]
[Result "1/2-1/2"]
[ECO "C18"]
[WhiteElo "2564"]
[BlackElo "2331"]
[Annotator "ChessBase"]
[PlyCount "125"]
[EventDate "2019.10.28"]
[EventType "swiss"]
[EventCountry "ROU"]
[SourceTitle "playchess.com"]
[Source "ChessBase"]
[SourceQuality "1"]
[TimeControl "5400+30"]

1. e4 e6 2. d4 d5 3. Nc3 Bb4 4. e5 c5 5. a3 Bxc3+ 6. bxc3 Ne7 7. Qg4 Kf8 8. Qd1 Qc7 9. Nf3 b6 10. a4 Kg8 11. a5 bxa5 12. Bd3 Ba6 13. O-O Bxd3 14. cxd3 cxd4 15. cxd4 Nbc6 16. Ba3 h6 17. Qa4 Kh7 18. Rfc1 Qb6 19. Bc5 Qa6 20. Bxe7 Nxe7 21. Rc7 Ng6 22. Rxf7 Rhf8 23. Rxf8 Rxf8 24. Qa3 Rf7 25. Ne1 Qb6 26. Qc3 Qb4 27. Qxb4 axb4 28. Kf1 Rb7 29. Ke2 Ne7 30. Kd2 Nc6 31. Nf3 a5 32. Kc2 b3+ 33. Kb2 Rb4 34. Ka3 Na7 35. Kb2 Nc6 36. Ka3 Nxd4 37. Nxd4 Rxd4 38. Kxb3 Rxd3+ 39. Kc2 Rd4 40. Rxa5 Re4 41. Kd2 Rxe5 42. f3 g5 43. Ra4 Kg6 44. h4 h5 45. g3 Rf5 46. Ke3 gxh4 47. Rxh4 Rf7 48. g4 hxg4 49. Rxg4+ Kf6 50. Rf4+ Ke7 51. Ra4 Kd6 52. f4 Rb7 53. Ra6+ Ke7 54. f5 Rb3+ 55. Kf4 Rb4+ 56. Kg5 exf5 57. Kxf5 Re4 58. Rh6 Re1 59. Kf4 d4 60. Kf3 d3 61. Rh2 Re2 62. Rxe2+ dxe2 63. Kxe2 1/2-1/2

[Event "Romanian Open 2019"]
[Site "Alba Iulia"]
[Date "2019.10.30"]
[Round "3.8"]
[White "Manolache, Marius"]
[Black "Gheorghiu, Calin"]
[Result "1-0"]
[ECO "A46"]
[WhiteElo "2548"]
[BlackElo "2315"]
[Annotator "ChessBase"]
[PlyCount "59"]
[EventDate "2019.10.28"]
[EventType "swiss"]
[EventCountry "ROU"]
[SourceTitle "playchess.com"]
[Source "ChessBase"]
[SourceQuality "1"]
[TimeControl "5400+30"]

1. d4 Nf6 2. Nf3 d5 3. c4 e6 4. e3 c5 5. cxd5 exd5 6. dxc5 Bxc5 7. Bb5+ Nc6 8. O-O O-O 9. Nc3 a6 10. Be2 Ba7 11. b3 d4 12. exd4 Nxd4 13. Nxd4 Qxd4 14. Qxd4 Bxd4 15. Bd2 Bg4 16. Bxg4 Nxg4 17. h3 Ne5 18. Rad1 Rfd8 19. Ne4 Rd7 20. Bf4 Rad8 21. Bg5 f6 22. Bxf6 gxf6 23. Nxf6+ Kf7 24. Nxd7 Rxd7 25. Rfe1 Kf6 26. Kf1 Nc6 27. Re4 Rd6 28. Rf4+ Ke6 29. Re1+ Kd5 30. Rf5+ 1-0

[Event "Romanian Open 2019"]
[Site "Alba Iulia"]
[Date "2019.10.30"]
[Round "3.9"]
[White "Punin, Andrii"]
[Black "Vedmediuc, Serghei"]
[Result "1/2-1/2"]
[ECO "B47"]
[WhiteElo "2310"]
[BlackElo "2457"]
[Annotator "ChessBase"]
[PlyCount "48"]
[EventDate "2019.10.28"]
[EventType "swiss"]
[EventCountry "ROU"]
[SourceTitle "playchess.com"]
[Source "ChessBase"]
[SourceQuality "1"]
[TimeControl "5400+30"]

1. e4 c5 2. Nf3 Nc6 3. Nc3 e6 4. d4 cxd4 5. Nxd4 Qc7 6. g3 a6 7. Bg2 Nf6 8. O-O Bc5 9. Nxc6 dxc6 10. Na4 Ba7 11. c4 e5 12. c5 Be6 13. Qc2 O-O 14. Bg5 Ne8 15. Be3 Qe7 16. Nb6 Rd8 17. Qc3 f6 18. a4 Nc7 19. f4 exf4 20. Bxf4 Bf7 21. Kh1 Bxb6 22. cxb6 Ne6 23. e5 Nxf4 24. exf6 Qxf6 1/2-1/2

[Event "Romanian Open 2019"]
[Site "Alba Iulia"]
[Date "2019.10.30"]
[Round "3.10"]
[White "Veress, Armand"]
[Black "Andreev, Eduard"]
[Result "0-1"]
[ECO "B53"]
[WhiteElo "2159"]
[BlackElo "2435"]
[Annotator "NA"]
[PlyCount "80"]
[EventDate "2019.10.28"]
[EventType "swiss"]
[EventCountry "ROU"]
[SourceTitle "playchess.com"]
[Source "ChessBase"]
[SourceQuality "1"]
[TimeControl "5400+30"]

1. e4 c5 2. Nf3 d6 3. d4 cxd4 4. Qxd4 Nc6 5. Bb5 a6 6. Bxc6+ bxc6 7. Nc3 e5 8. Qc4 Bd7 9. O-O Be7 10. Be3 Nf6 11. h3 O-O 12. Rad1 Qb8 13. b3 Be6 14. Qe2 h6 15. Bc1 Qc7 16. Na4 Nd7 17. Ba3 f5 18. exf5 Bxf5 19. Nd4 exd4 20. Qxe7 c5 21. c3 Rae8 22. Qh4 d3 23. Nb2 Ne5 24. f4 Ng6 25. Qg3 Re2 26. Rf2 Qa5 27. Nc4 Qxc3 28. Bb2 Qc2 29. Rd2 Re1+ 30. Rf1 Rxf1+ 31. Kxf1 Qb1+ 32. Kf2 Be4 33. Qe3 d5 34. Ne5 Nxf4 35. Kg3 Qf1 36. Nf3 Ne2+ 37. Kh2 Bxf3 38. gxf3 Rxf3 39. Qe6+ Kh7 40. Qg4 Rf2+ 0-1

[Event "Romanian Open 2019"]
[Site "Alba Iulia"]
[Date "2019.10.30"]
[Round "3.11"]
[White "Advait, Bagri"]
[Black "David, Alexandru-Vasile"]
[Result "0-1"]
[ECO "C78"]
[WhiteElo "2231"]
[BlackElo "2424"]
[Annotator "NA"]
[PlyCount "86"]
[EventDate "2019.10.28"]
[EventType "swiss"]
[EventCountry "ROU"]
[SourceTitle "playchess.com"]
[Source "ChessBase"]
[SourceQuality "1"]
[TimeControl "5400+30"]

1. e4 e5 2. Nf3 Nc6 3. Bb5 a6 4. Ba4 Nf6 5. O-O Bc5 6. c3 b5 7. Bb3 d6 8. d4 Ba7 9. h3 O-O 10. a4 b4 11. Re1 Bb7 12. Bg5 Ne7 13. Nbd2 Ng6 14. h4 h6 15. h5 Nf4 16. Bxf4 bxc3 17. bxc3 exf4 18. Nh2 Qd7 19. Qf3 Rae8 20. Qxf4 Nxh5 21. Qh4 Nf6 22. Bc2 c5 23. d5 c4 24. Nxc4 Qc7 25. Bd3 a5 26. Nf3 Ba6 27. Nfd2 Nd7 28. Qg3 Bxc4 29. Bxc4 Ne5 30. Bb5 Rc8 31. Nf3 Qxc3 32. Qf4 f6 33. Rf1 Qb2 34. Rab1 Qc2 35. Rbc1 Qb2 36. Rb1 Nxf3+ 37. Qxf3 Qe5 38. Bd7 Rc2 39. Rb7 Bc5 40. Qg4 f5 41. Bxf5 Rxf2 42. Rxf2 Qa1+ 43. Kh2 Bxf2 0-1

[Event "Romanian Open 2019"]
[Site "Alba Iulia"]
[Date "2019.10.30"]
[Round "3.12"]
[White "Nester, Ihor"]
[Black "Talu, Mircea"]
[Result "1/2-1/2"]
[ECO "A30"]
[WhiteElo "2381"]
[BlackElo "2288"]
[Annotator "NA"]
[PlyCount "205"]
[EventDate "2019.10.28"]
[EventType "swiss"]
[EventCountry "ROU"]
[SourceTitle "playchess.com"]
[Source "ChessBase"]
[SourceQuality "1"]
[TimeControl "5400+30"]

1. Nf3 Nf6 2. c4 e6 3. g3 b6 4. Bg2 Bb7 5. O-O c5 6. Nc3 Be7 7. d4 cxd4 8. Qxd4 O-O 9. Bf4 d6 10. Qd2 Qc8 11. Rac1 Qxc4 12. Bxd6 Bxd6 13. Qxd6 Qa6 14. Ne5 Bxg2 15. Kxg2 Nbd7 16. Nc6 Nc5 17. Rfd1 Nfe4 18. Nxe4 Nxe4 19. Qd3 Qxd3 20. Rxd3 Nf6 21. Ra3 a6 22. Nb4 a5 23. Nc6 g6 24. Rb3 Ra6 25. Ne5 Nd5 26. e4 Ne7 27. Rc7 Re8 28. Rd3 b5 29. Rdd7 Kf8 30. Ng4 e5 31. Nxe5 Re6 32. Rc5 f6 33. Ng4 h5 34. Ne3 Rb8 35. Kf3 Nc6 36. Rdd5 Rbe8 37. Rxb5 Rxe4 38. Rb7 f5 39. Kg2 f4 40. gxf4 Rxf4 41. Rd6 Ne5 42. h3 Nf3 43. Kf1 Ng5 44. Nd5 Rxf2+ 45. Kxf2 Ne4+ 46. Kf3 Nxd6 47. Ra7 Rb8 48. b3 Rb5 49. Nf4 Rf5 50. Ke3 Re5+ 51. Kd3 Ke8 52. Nxg6 Rg5 53. Nf4 Rg3+ 54. Ke2 Nb5 55. Rxa5 Nd4+ 56. Kd2 Rf3 57. Nxh5 Rxh3 58. Nf4 Nxb3+ 59. axb3 Rxb3 60. Ra7 Kd8 61. Ne6+ Kc8 62. Rh7 Rg3 63. Nc5 Kb8 64. Nd3 Rg6 65. Ke3 Rg4 66. Nf4 Rg1 67. Kd4 Rd1+ 68. Kc5 Rc1+ 69. Kd6 Rb1 70. Nd5 Rb7 71. Ne7 Ka7 72. Nc6+ Kb6 73. Rh1 Rg7 74. Rb1+ Ka6 75. Ne5 Rg2 76. Kc5 Rg5 77. Kd4 Rg2 78. Nc4 Rg4+ 79. Kc5 Rg5+ 80. Kc6 Rg6+ 81. Nd6 Ka5 82. Rb8 Ka4 83. Kc5 Rg5+ 84. Kd4 Rg7 85. Ne4 Ka5 86. Nc3 Ka6 87. Nd5 Rg1 88. Nb4+ Ka5 89. Nc6+ Ka4 90. Ne5 Rd1+ 91. Nd3 Rh1 92. Nc5+ Ka5 93. Nb3+ Ka6 94. Kc4 Rh4+ 95. Nd4 Rh1 96. Kc5 Rh5+ 97. Kb4 Rh1 98. Nb3 Rh4+ 99. Ka3 Ka7 100. Rb5 Ka6 101. Rg5 Kb6 102. Nd2 Rd4 103. Nb3 1/2-1/2

[Event "Romanian Open 2019"]
[Site "Alba Iulia"]
[Date "2019.10.30"]
[Round "4.1"]
[White "Fedorov, Alexei"]
[Black "Pap, Misa"]
[Result "1-0"]
[ECO "C24"]
[WhiteElo "2551"]
[BlackElo "2432"]
[Annotator "ChessBase"]
[PlyCount "93"]
[EventDate "2019.10.28"]
[EventType "swiss"]
[EventCountry "ROU"]
[SourceTitle "playchess.com"]
[Source "ChessBase"]
[SourceQuality "1"]
[TimeControl "5400+30"]

1. e4 e5 2. Bc4 Nf6 3. d3 c6 4. Nf3 d5 5. Bb3 a5 6. a4 Bb4+ 7. c3 Bd6 8. exd5 cxd5 9. Bg5 Be6 10. Na3 Nbd7 11. Nb5 Bb8 12. d4 e4 13. Nd2 h6 14. Bh4 Nf8 15. Qe2 Ng6 16. Bxf6 Qxf6 17. g3 O-O 18. O-O-O Qg5 19. h4 Qd8 20. Rdg1 f5 21. h5 Ne7 22. Kb1 Ra6 23. f3 Kh8 24. Bc2 Ng8 25. g4 Nf6 26. gxf5 Bxf5 27. fxe4 dxe4 28. Nc4 Qe7 29. Ne3 Bh7 30. Rf1 Rc6 31. d5 Rc5 32. Nd4 Nxd5 33. Rxf8+ Qxf8 34. Ne6 Nf4 35. Rf1 Nxe6 36. Rxf8+ Nxf8 37. Qg4 Bd6 38. Qd1 Be7 39. Nd5 Bg5 40. Qd4 Ne6 41. Qe5 Nc7 42. c4 Nxd5 43. cxd5 Rc4 44. d6 e3 45. Qe8+ Bg8 46. Bb3 Kh7 47. Bxc4 1-0

[Event "Romanian Open 2019"]
[Site "Alba Iulia"]
[Date "2019.10.30"]
[Round "4.2"]
[White "Harutjunyan, Gevorg"]
[Black "Moksh Amit Doshi"]
[Result "1-0"]
[ECO "B90"]
[WhiteElo "2428"]
[BlackElo "2328"]
[Annotator "NA"]
[PlyCount "73"]
[EventDate "2019.10.28"]
[EventType "swiss"]
[EventCountry "ROU"]
[SourceTitle "playchess.com"]
[Source "ChessBase"]
[SourceQuality "1"]
[TimeControl "5400+30"]

1. e4 c5 2. Nf3 d6 3. d4 cxd4 4. Nxd4 Nf6 5. Nc3 a6 6. h3 e5 7. Nb3 Be6 8. f4 g6 9. Qf3 Nc6 10. Be3 exf4 11. Qxf4 Nh5 12. Qf2 Be7 13. O-O-O O-O 14. g4 Bh4 15. Qh2 Ng3 16. Rg1 Nxf1 17. Rgxf1 Bc4 18. Rg1 Ne5 19. Nd4 b5 20. a3 b4 21. axb4 Qb8 22. Nf5 d5 23. Bf4 Bg5 24. Kb1 Bxf4 25. Qxf4 Nc6 26. Qh6 Qe5 27. Nxd5 Rab8 28. g5 Bxd5 29. Rxd5 Qh8 30. c3 Rfe8 31. Ne3 Rxe4 32. Ng4 Re6 33. Rgd1 Qg7 34. Qh4 Kh8 35. Nf6 h5 36. Rd6 Ne5 37. Rd8+ 1-0

[Event "Romanian Open 2019"]
[Site "Alba Iulia"]
[Date "2019.10.30"]
[Round "4.3"]
[White "Banzea, Alexandru-Bogdan"]
[Black "Omelja, Artem"]
[Result "1/2-1/2"]
[ECO "C67"]
[WhiteElo "2389"]
[BlackElo "2424"]
[Annotator "NA"]
[PlyCount "28"]
[EventDate "2019.10.28"]
[EventType "swiss"]
[EventCountry "ROU"]
[SourceTitle "playchess.com"]
[Source "ChessBase"]
[SourceQuality "1"]
[TimeControl "5400+30"]

1. e4 e5 2. Nf3 Nc6 3. Bb5 Nf6 4. O-O Nxe4 5. Re1 Nd6 6. Nxe5 Be7 7. Bf1 Nxe5 8. Rxe5 O-O 9. d4 Bf6 10. Re1 Re8 11. Rxe8+ Nxe8 12. d5 d6 13. Nd2 Bg5 14. Nf3 Bxc1 1/2-1/2

[Event "Romanian Open 2019"]
[Site "Alba Iulia"]
[Date "2019.10.30"]
[Round "4.4"]
[White "Andreev, Eduard"]
[Black "Shishkin, Vadim"]
[Result "1/2-1/2"]
[ECO "B48"]
[WhiteElo "2435"]
[BlackElo "2428"]
[Annotator "NA"]
[PlyCount "27"]
[EventDate "2019.10.28"]
[EventType "swiss"]
[EventCountry "ROU"]
[SourceTitle "playchess.com"]
[Source "ChessBase"]
[SourceQuality "1"]
[TimeControl "5400+30"]

1. e4 c5 2. Nf3 Nc6 3. d4 cxd4 4. Nxd4 e6 5. Nc3 Qc7 6. Be3 a6 7. Qd2 Nf6 8. f4 Bb4 9. Bd3 Na5 10. a3 Bxc3 11. Qxc3 Qxc3+ 12. bxc3 d5 13. exd5 exd5 14. Nb3 1/2-1/2

[Event "Romanian Open 2019"]
[Site "Alba Iulia"]
[Date "2019.10.30"]
[Round "4.8"]
[White "Secheres, Adrian-Simion"]
[Black "Istratescu, Andrei"]
[Result "1/2-1/2"]
[ECO "B06"]
[WhiteElo "2397"]
[BlackElo "2564"]
[Annotator "ChessBase"]
[PlyCount "87"]
[EventDate "2019.10.28"]
[EventType "swiss"]
[EventCountry "ROU"]
[SourceTitle "playchess.com"]
[Source "ChessBase"]
[SourceQuality "1"]
[TimeControl "5400+30"]

1. d4 g6 2. e4 Bg7 3. Nc3 c6 4. f4 d5 5. e5 Nh6 6. Be3 f6 7. h3 Nf5 8. Bf2 fxe5 9. dxe5 d4 10. Ne4 Qb6 11. Bd3 O-O 12. Ne2 Be6 13. O-O c5 14. Ng5 Bd5 15. c4 Bf7 16. g4 Ne3 17. Bxe3 dxe3 18. Qc1 Nc6 19. Qxe3 Qxb2 20. Rfb1 Qa3 21. Rb3 Qa6 22. Nxf7 Rxf7 23. Qxc5 e6 24. Qb5 Qa5 25. Qxa5 Nxa5 26. Rb5 b6 27. c5 Bf8 28. cxb6 axb6 29. Be4 Raa7 30. Rc1 Bc5+ 31. Kg2 Be3 32. Rc8+ Kg7 33. Kf3 Bc5 34. f5 gxf5 35. gxf5 exf5 36. Bd5 Rf8 37. Rxf8 Kxf8 38. Nf4 Ke7 39. Rb2 Bd4 40. Re2 b5 41. Bg8 Nc4 42. Bxc4 bxc4 43. Nd5+ Ke6 44. Nf4+ {[%emt 0:00:05] Kxe5 Ke4+} 1/2-1/2

[Event "Romanian Open 2019"]
[Site "Alba Iulia"]
[Date "2019.10.30"]
[Round "4.9"]
[White "Vedmediuc, Serghei"]
[Black "Ashwath, R.."]
[Result "1/2-1/2"]
[ECO "C60"]
[WhiteElo "2457"]
[BlackElo "2340"]
[Annotator "ChessBase"]
[PlyCount "28"]
[EventDate "2019.10.28"]
[EventType "swiss"]
[EventCountry "ROU"]
[SourceTitle "playchess.com"]
[Source "ChessBase"]
[SourceQuality "1"]
[TimeControl "5400+30"]

1. e4 e5 2. Nf3 Nc6 3. Bb5 g6 4. c3 a6 5. Ba4 Bg7 6. d4 b5 7. Bb3 exd4 8. cxd4 d6 9. O-O Nge7 10. Nc3 O-O 11. Nd5 h6 12. Nxe7+ Nxe7 13. Re1 c5 14. Be3 c4 1/2-1/2

[Event "Romanian Open 2019"]
[Site "Alba Iulia"]
[Date "2019.10.30"]
[Round "4.10"]
[White "Bilych, Olexiy"]
[Black "Nester, Ihor"]
[Result "1/2-1/2"]
[ECO "C50"]
[WhiteElo "2281"]
[BlackElo "2381"]
[Annotator "NA"]
[PlyCount "77"]
[EventDate "2019.10.28"]
[EventType "swiss"]
[EventCountry "ROU"]
[SourceTitle "playchess.com"]
[Source "ChessBase"]
[SourceQuality "1"]
[TimeControl "5400+30"]

1. e4 e5 2. Nf3 Nc6 3. Bc4 Nf6 4. d3 Bc5 5. c3 d6 6. O-O h6 7. Re1 O-O 8. h3 a6 9. a4 Re8 10. a5 Ba7 11. Qb3 Qe7 12. Be3 Bxe3 13. Rxe3 Nd8 14. d4 Nh5 15. Nbd2 Nf4 16. Nf1 Qf6 17. Ng3 Kh7 18. Rd1 g6 19. Qa4 Rf8 20. Qa3 Kg7 21. dxe5 dxe5 22. Qc5 Nc6 23. Kh2 Re8 24. Bd5 Bd7 25. b4 Qe7 26. Qc4 Be6 27. Ne2 Nxe2 28. Rxe2 Rad8 29. Ree1 Rd6 30. Qc5 Qf6 31. c4 Qf4+ 32. Kh1 Bxh3 33. Rd3 Be6 34. b5 axb5 35. cxb5 Bxd5 36. exd5 Qb4 37. Qxb4 Nxb4 38. Rb3 Nxd5 39. Rxe5 1/2-1/2